 Dungeon Crawl Stone Soup version 0.25.1-2-g60ff931df9 (webtiles) character file.

Game seed: 1180285557546949580

13780 DogServant the Martial Artist (level 12, -7/97 HPs)
             Began as a Merfolk Transmuter on Oct 19, 2020.
             Was an Elder of Makhleb.
             Mangled by a cyan ugly thing (15 damage)
             ... on level 12 of the Dungeon.
             The game lasted 00:31:20 (15294 turns).

DogServant the Martial Artist (Merfolk Transmuter) Turns: 15294, Time: 00:31:21

Health: -7/97      AC:  5    Str: 14    XL:     12   Next: 9%
Magic:  23/27      EV: 18    Int: 10    God:    Makhleb [****..]
Gold:   334        SH:  0    Dex: 16    Spells: 4/19 levels left

rFire    . . .     SeeInvis +     - Unarmed
rCold    + . .     Gourm    .   (shield currently unavailable)
rNeg     . . .     Faith    .   M - +0 troll leather armour
rPois    .         Spirit   .   (no helmet)
rElec    .         Reflect  .   e - +1 cloak
rCorr    .         Harm     .   (gloves currently unavailable)
MR       .....                  b - +0 pair of boots
Stlth    +.........             (no amulet)
HPRegen  0.66/turn              H - ring of see invisible
MPRegen  0.20/turn              m - ring of magical power

@: blade hands
A: change form in water, swift swim, stealthy swim, see invisible, cold
resistance 1, deformed body, dopey 1
a: End Transformation, Minor Destruction, Lesser Servant of Makhleb, Major
Destruction, Renounce Religion


You were on level 12 of the Dungeon.
You worshipped Makhleb.
Makhleb was greatly pleased with you.
You were near starving.
You had blades for hands.
You visited 2 branches of the dungeon, and saw 13 of its levels.
You visited the Abyss 1 time.

You collected 802 gold pieces.
You spent 468 gold pieces at shops.

Inventory:

Missiles
 a - 111 arrows
 l - 80 poisoned darts
 n - a throwing net (quivered)
Armour
 b - a +0 pair of boots (worn)
 c - a +2 robe of cold resistance
 e - a +1 cloak (worn)
 p - a +0 pair of gloves (melded)
 r - a +2 scale mail of magic resistance
 M - a +0 troll leather armour (worn)
Jewellery
 f - an uncursed ring of flight
 m - a ring of magical power (right scythe-like blade)
 D - an uncursed ring of resist corrosion
 H - a ring of see invisible (left scythe-like blade)
 J - the ring "Huacsineat" {rPois rF+ EV+4, unknown}
   (You found it on level 3 of the Abyss)

   [ring of evasion]

   It affects your evasion (+4).
   It protects you from fire.
   It protects you from poison.
Wands
 u - a wand of polymorph (11)
 y - a wand of clouds (3)
 A - a wand of random effects (24)
 G - a wand of flame (19)
 I - a wand of acid (13)
Scrolls
 i - a scroll of magic mapping
 o - 4 scrolls of identify
 q - 3 scrolls of enchant weapon
 s - 3 scrolls of teleportation
 w - a scroll of summoning {unknown}
 B - a scroll of fear {unknown}
 E - a scroll of brand weapon {unknown}
 F - 4 scrolls of remove curse
 K - 2 scrolls of enchant armour
 L - a scroll of torment {unknown}
Potions
 g - 2 potions of invisibility
 h - 4 potions of lignification
 j - 5 potions of curing
 k - 3 potions of brilliance
 t - a potion of haste
 v - 3 potions of berserk rage
 x - 2 potions of flight
 z - a potion of heal wounds
Comestibles
 d - 16 rations


   Skills:
 - Level 10.0 Fighting
 + Level 3.1 Armour
 - Level 9.0 Dodging
 - Level 11.0 Unarmed Combat
 - Level 4.0 Spellcasting
 - Level 10.5 Transmutations
 + Level 4.6 Ice Magic
 - Level 4.5 Invocations
 + Level 4.3 Evocations


You had 4 spell levels left.
You knew the following spells:

 Your Spells              Type           Power        Failure   Level  Hunger
a - Beastly Appendage     Tmut           ###...       11%         1    #......
b - Sticks to Snakes      Tmut           ###.....     13%         2    ##.....
c - Spider Form           Tmut/Pois      ##........   47%         3    ###....
d - Blade Hands           Tmut           ###.......   50%         5    ######.
e - Ice Form              Ice/Tmut       ###.....     54%         4    #####..

Your spell library contained the following spells:

 Spells                   Type           Power        Failure   Level  Hunger
 Freeze                   Ice            ##..         32%         1    #......
 Frozen Ramparts          Ice            ##....       54%         3    ###....
 Ozocubu's Armour         Chrm/Ice       #.......     78%         3    ###....
 Hailstorm                Conj/Ice       #.......     97%         4    #####..
 Summon Ice Beast         Ice/Summ       #.......     97%         4    #####..


Dungeon Overview and Level Annotations

Branches:
Dungeon (12/15)            Temple (1/1) D:6            Lair (0/6) D:11
    Orc (0/2) D:12

Altars:
Ashenzari
Elyvilon
Fedhas
Makhleb
Nemelex Xobeh
Okawaru
Qazlal
Sif Muna
Vehumet
Xom
Yredelemnul
Zin
The Shining One

Shops:
D:8 !   D:9 [

Annotations:
D:5 1 runed translucent door, Garessta's ghost, novice DsFi


Innate Abilities, Weirdness & Mutations

You revert to your normal form in water.
You are very nimble and swift while swimming.
You are very stealthy in the water. (Stealth+)
You have supernaturally acute eyesight. (SInv)
Your flesh is cold resistant. (rC+)
Armour fits poorly on your strangely shaped body.
You are dopey. (Int -2)


Message History

The cyan ugly thing is almost dead.
You hit the cyan ugly thing.
The cyan ugly thing is almost dead.
The cyan ugly thing gores you! The cyan ugly thing shocks you!
You are too injured to fight recklessly!
You are too injured to fight recklessly!
You are too injured to fight recklessly!
You hit the cyan ugly thing.
You slash the cyan ugly thing, but do no damage.
The cyan ugly thing is almost dead.
The cyan ugly thing gores you!
* * * LOW HITPOINT WARNING * * *
The cyan ugly thing shocks you!
* * * LOW HITPOINT WARNING * * *
You closely miss the cyan ugly thing.
The cyan ugly thing is almost dead.
The cyan ugly thing gores you!
* * * LOW HITPOINT WARNING * * *
The cyan ugly thing shocks you!
You die...

#.....# #............#
#.....# ...........!#
#.....# ...........+
#.....# ..........#
###.....######.........#
..#.....##...#.........#
..+......#...#..u......#
..#.............@......#
..##....#..............#
........#.........######
......................#
...^.....).)..........#
..............>.......#
.........#....).#######
.........#.#.#).......#
.........+.#.#........#


You could see a cyan ugly thing.

Vanquished Creatures
  2 two-headed ogres
  Sonja (D:10)
  A deep elf mage (D:11)
  A cyclops (D:11)
  Joseph (D:9)
  A centaur zombie (D:11)
  A gargoyle (D:10)
  Psyche (D:9)
  A queen bee (D:11)
  2 trolls (D:12)
  A polar bear (D:8)
  A hornet (D:10)
  Grinder (D:3)
  3 hippogriffs
  4 hungry ghosts
  4 vampire mosquitoes (D:11)
  A black bear (D:11)
  7 orc warriors
  4 ice beasts
  A sky beast (D:9)
  2 phantoms
  A necrophage (D:7)
  9 ogres
  A wolf (D:8)
  5 centaurs
  5 bullfrogs
  3 scorpions
  2 water moccasin skeletons
  21 killer bees
  4 wights (D:12)
  2 electric eels (D:8)
  6 howler monkeys
  2 crimson imps (D:5)
  10 hounds
  9 orc priests
  13 orc wizards
  A wyvern simulacrum (D:8)
  Crazy Yiuf (D:2)
  A bullfrog skeleton (D:11)
  4 centaur skeletons
  5 jellies
  Jessica (D:3)
  Natasha (twice) (D:3)
  3 iguanas
  8 worker ants
  2 killer bee zombies
  A hound zombie (D:7)
  3 hound skeletons
  A killer bee simulacrum (D:8)
  15 adders
  A shadow imp (D:11)
  4 white imps (D:8)
  2 oozes
  2 adder skeletons
  2 worms
  A dart slug (D:1)
  An adder simulacrum (D:8)
  4 leopard geckos
  38 orcs
  2 ball pythons
  6 giant cockroaches
  8 goblins
  15 hobgoblins
  3 quokkas
  13 bats
  3 frilled lizards
  A jackal skeleton (D:6)
  4 kobolds
  2 quokka skeletons
  2 rats
296 creatures vanquished.

Vanquished Creatures (collateral kills)
  Natasha (D:3)
  2 adders
  2 orcs
  A quokka (D:3)
  A bat (D:2)
  A frilled lizard (D:3)
8 creatures vanquished.

Vanquished Creatures (others)
  An adder (D:9)
1 creature vanquished.

Grand Total: 305 creatures vanquished

Notes
Turn   | Place    | Note
-------+----------+-------------------------------------------
     0 | D:1      | DogServant the Merfolk Transmuter began the quest for the
                  | Orb.
     0 | D:1      | Reached XP level 1. HP: 15/15 MP: 3/3
   157 | D:1      | Reached XP level 2. HP: 19/21 MP: 3/5
   509 | D:1      | Reached XP level 3. HP: 26/26 MP: 4/6
  1366 | D:2      | Learned a level 2 spell: Sticks to Snakes
  1370 | D:2      | Learned a level 3 spell: Spider Form
  1444 | D:2      | Reached XP level 4. HP: 27/32 MP: 5/7
  2301 | D:2      | Reached skill level 4 in Unarmed Combat
  2687 | D:2      | Found a runed translucent door.
  2688 | D:2      | Noticed Crazy Yiuf
  2793 | D:3      | Reached skill level 5 in Transmutations
  2793 | D:3      | Reached XP level 5. HP: 15/37 MP: 5/8
  3087 | D:3      | Noticed Natasha
  3105 | D:3      | Killed Natasha
  3123 | D:3      | Noticed Natasha
  3130 | D:3      | Noticed Jessica
  3131 | D:3      | Killed Natasha
  3139 | D:3      | Killed Jessica
  3139 | D:3      | Reached skill level 5 in Unarmed Combat
  3204 | D:3      | Noticed Natasha
  3214 | D:3      | Killed Natasha
  3546 | D:3      | Reached XP level 6. HP: 42/43 MP: 9/9
  3642 | D:3      | Noticed Grinder
  3664 | D:3      | Killed Grinder
  3664 | D:3      | Reached skill level 6 in Unarmed Combat
  4370 | D:4      | Reached skill level 7 in Unarmed Combat
  4565 | D:4      | Reached XP level 7. HP: 48/48 MP: 9/10
  5462 | D:4      | Found a glowing golden altar of the Shining One.
  5463 | D:4      | Found a shattered altar of Ashenzari.
  5584 | D:5      | Entered Level 5 of the Dungeon
  5635 | D:5      | Reached skill level 5 in Dodging
  5638 | D:5      | Got a warped spear
  5639 | D:5      | Identified the +7 spear of Evolution {vorpal, Str+4 Dex+4}
                  | (You found it on level 5 of the Dungeon)
  5738 | D:5      | Reached XP level 8. HP: 39/58 MP: 11/11
  6286 | D:5      | Found a blossoming altar of Fedhas.
  6513 | D:5      | Found a runed translucent door.
  6518 | D:5      | Noticed Garessta's ghost (novice DsFi)
  6974 | D:2      | Killed Crazy Yiuf
  7208 | D:6      | Found a staircase to the Ecumenical Temple.
  7255 | Temple   | Entered the Ecumenical Temple
  7325 | Temple   | Became a worshipper of Makhleb the Destroyer
  7417 | D:6      | Learned a level 5 spell: Blade Hands
  7608 | D:6      | Reached skill level 1 in Evocations
  7853 | D:6      | Reached XP level 9. HP: 50/63 MP: 13/13
  8554 | D:6      | Found a radiant altar of Vehumet.
  8644 | D:7      | Reached skill level 8 in Unarmed Combat
  9018 | D:7      | Reached * piety under Makhleb
  9377 | D:8      | Gained mutation: You are dopey. (Int -2) [potion of
                  | mutation]
  9377 | D:8      | Gained mutation: Scrolls take you a little longer to read.
                  | [potion of mutation]
  9377 | D:8      | Gained mutation: You have a pair of small horns on your
                  | head. [potion of mutation]
  9378 | D:8      | Lost mutation: You have a pair of small horns on your head.
                  | [potion of mutation]
  9378 | D:8      | Lost mutation: Scrolls take you a little longer to read.
                  | [potion of mutation]
  9378 | D:8      | Gained mutation: Your flesh is cold resistant. (rC+)
                  | [potion of mutation]
  9378 | D:8      | Gained mutation: Armour fits poorly on your strangely
                  | shaped body. [potion of mutation]
  9378 | D:8      | Gained mutation: You have supernaturally acute eyesight.
                  | (SInv) [potion of mutation]
  9452 | D:8      | Reached skill level 10 in Transmutations
  9552 | D:8      | Reached skill level 9 in Unarmed Combat
  9716 | D:8      | Reached XP level 10. HP: 40/71 MP: 15/15
 10260 | D:8      | Reached ** piety under Makhleb
 10305 | D:8      | Found a basalt altar of Yredelemnul.
 10338 | D:8      | Found Ytzamed's Distillery.
 10346 | D:8      | Bought a potion of heal wounds for 65 gold pieces
 10346 | D:8      | Bought a potion of berserk rage for 65 gold pieces
 10346 | D:8      | Bought a potion of heal wounds for 65 gold pieces
 10351 | D:8      | Learned a level 4 spell: Ice Form
 10695 | D:9      | Noticed Joseph
 10709 | D:9      | Killed Joseph
 10709 | D:9      | Reached skill level 1 in Ice Magic
 10787 | D:9      | Reached skill level 5 in Fighting
 11106 | D:9      | Found Hakoqas's Armour Boutique.
 11120 | D:9      | Bought a +2 scale mail of magic resistance for 273 gold
                  | pieces
 11183 | D:9      | Noticed a two-headed ogre
 11244 | D:9      | Reached skill level 10 in Unarmed Combat
 11253 | D:9      | Killed a two-headed ogre
 11465 | D:9      | Noticed Psyche
 11474 | D:9      | Killed Psyche
 11711 | D:10     | Entered Level 10 of the Dungeon
 11751 | D:10     | Reached skill level 1 in Armour
 12050 | D:10     | Reached XP level 11. HP: 72/84 MP: 17/17
 12396 | D:10     | Noticed a two-headed ogre
 12409 | D:10     | Killed a two-headed ogre
 12501 | D:10     | Noticed Sonja
 12517 | D:10     | HP: 3/86 [Sonja/+2 short sword of distortion (3)]
 12517 | D:10     | Cast into level 2 of the Abyss (Sonja)
 12560 | Abyss:3  | Got a fine tin ring
 12602 | D:10     | Escaped the Abyss
 12606 | D:10     | Killed Sonja
 13226 | D:11     | Noticed a cyclops
 13259 | D:11     | Killed a cyclops
 13259 | D:11     | Reached skill level 1 in Invocations
 13392 | D:11     | Found a staircase to the Lair.
 13401 | D:11     | Reached *** piety under Makhleb
 13801 | D:11     | Noticed a deep elf mage
 13810 | D:11     | Killed a deep elf mage
 14521 | D:12     | Reached **** piety under Makhleb
 14594 | D:12     | Found a staircase to the Orcish Mines.
 14616 | D:12     | Reached XP level 12. HP: 97/97 MP: 18/18
 14665 | D:12     | Reached skill level 10 in Fighting
 15003 | D:12     | Reached skill level 11 in Unarmed Combat
 15294 | D:12     | Mangled by a cyan ugly thing

Illustrated notes

Levels and vault maps discovered:
D:1:      dpeg_arrival_rhombi, layout_basic, nrook_mini_backslash, minivault_23,
          minmay_misc_feat_plants, serial_bayou_ford_a
D:2:      layout_loops_corners, uniq_crazy_yiuf_cottage
D:3:      layout_loops_cross, uniq_grinder, uniq_jessica, uniq_natasha
D:4:      layout_cave_pods, gammafunk_temple_overflow_statue
D:5:      layout_loops_cross, kennysheep_little_box,
          ebering_ghost_reflecting_pool, first_ration,
          kennysheep_generic_room_11
D:6:      layout_loops_ring, minmay_temple_entry_stoned_glass,
          lemuel_statue_altar
D:7:      layout_cave_pools, kennysheep_generic_room_5
D:8:      layout_rooms, overflow_temple_1_default, serial_ice, serial_ice_h,
          serial_ice_o, serial_ice_a, serial_ice_i, serial_shops, shop
D:9:      layout_rooms, serial_shops, shop, uniq_psyche, uniq_joseph
D:10:     layout_irregular_city, uniq_sonja
D:11:     layout_loops_cross, lair_entry_dummy, david_nohive_1
D:12:     layout_basic, orc_0_dummy
Temple:   dpeg_five_rooms_temple

Skill      XL: |  1  2  3  4  5  6  7  8  9 10 11 12 |
---------------+-------------------------------------+-----
Dodging        | 3 4 5 7 8 9 |  9.0
Transmutations | 3 4 5 6 8 10 | 10.5
Unarmed Combat | 4 5 7 9 10 11 | 11.0
Fighting       | 3 7 9 10 | 10.0
Evocations     | 1 4 |  4.3
Spellcasting   | 3 4 |  4.0
Ice Magic      | 4 |  4.6
Armour         | 1 3 |  3.1
Invocations    | 4 |  4.5

Action                   |  1- 3 |  4- 6 |  7- 9 | 10-12 || total
-------------------------+-------+-------+-------+-------++-------
Melee: Unarmed           |    82 |   163 |   299 |   370 ||   914
       Headbutt          |     8 |    21 |    13 |     3 ||    45
       Punch             |     1 |     2 |     3 |    13 ||    19
       Spear             |       |       |    22 |       ||    22
Throw: Throwing net      |       |       |       |     3 ||     3
 Cast: Beastly Appendage |    20 |    29 |    17 |     3 ||    69
       Sticks to Snakes  |       |    12 |     9 |    11 ||    32
       Spider Form       |       |     3 |    23 |       ||    26
       Blade Hands       |       |       |     9 |    51 ||    60
Evoke: Wand              |       |       |       |     3 ||     3
  Use: Potion            |       |     1 |     2 |     5 ||     8
       Scroll            |       |     5 |    11 |     1 ||    17
 Stab: Sleeping          |     2 |       |     5 |       ||     7
       Distracted        |       |       |     2 |     3 ||     5
       Held in net/web   |       |       |       |     2 ||     2
  Eat: Chunk             |     2 |     9 |    18 |    28 ||    57
       Ration            |       |     1 |     2 |     3 ||     6
Armor: Robe              |    14 |    19 |    13 |    49 ||    95
       Skin              |       |     1 |     6 |       ||     7
Dodge: Dodged            |    65 |   138 |   287 |   331 ||   821
